 Dungeon Sprint DCSS version bcrawl-1.27.1d (webtiles) character file.

Game seed: 1796424018010844239

141707 Freyura the Cudgeler (level 2, 27/27 HPs)
             Began as a Sand Dwarf Skald on July 16, 2020.
             Got out of the dungeon alive.
             The game lasted 00:01:10 (160 turns).

Freyura the Cudgeler (Sand Dwarf Skald)              Turns: 160, Time: 00:01:11

Health: 27/27      AC:  3    Str: 15    XL:     2   Next: 58%
Magic:  5/5        EV: 13    Int: 13    God:
Gold:   0          SH:  0    Dex: 10    Spells: 5/6 levels left

rFire    . . .     SeeInvis .   a - +0 mace
rCold    . . .     Gourm    .   (shield restricted)
rNeg     . . .     Faith    .   b - +0 leather armour
rPois    .         Spirit   .   (no helmet)
rElec    .         Reflect  .   (no cloak)
rCorr    .         Harm     .   (no gloves)
MR       .....     NoTele   +   (no boots)
Stlth    +.........             (no amulet)
HPRegen  0.09/turn              (no ring)
MPRegen  0.09/turn              (no ring)

@: slow
A: small, slowness 1, armour attunement
a: no special abilities


You escaped.
You were not hungry.

You visited 1 branch

Inventory:

Hand Weapons
 a - a +0 mace (weapon)
Armour
 b - a +0 leather armour (worn)
 o - a +0 pair of gloves
 p - a +0 pair of gloves
Jewellery
 q - a +3 ring of strength
Wands
 n - a wand of iceblast (10)
Scrolls
 d - a scroll of fear
 k - 2 scrolls of blinking
 l - 3 scrolls of remove curse
 m - 2 scrolls of amnesia
Potions
 f - 5 potions of curing
 g - 3 potions of heal wounds
 h - a potion of haste
 i - 4 potions of magic
 j - a potion of invisibility
Comestibles
 c - 5 chunks of flesh
 e - a ration {!d}


   Skills:
 * Level 4.0 Fighting
 * Level 4.8 Maces & Flails
 + Level 2.4 Armour
 - Level 1.5 Dodging
 + Level 2.5 Spellcasting
 + Level 3.5 Charms


You had 5 spell levels left.
You knew the following spells:

 Your Spells              Type           Power        Failure   Level  Hunger
a - Infusion              Chrm           ##......     5%          1    None

Your spell library contained the following spells:

 Spells                   Type           Power        Failure   Level  Hunger
 Song of Slaying          Chrm           ##......     9%          2    ##.....
 Ozocubu's Armour         Chrm/Ice       #.......     34%         3    ####...
 Regeneration             Chrm/Necr      #.........   34%         3    ####...
 Spectral Weapon          Hex/Chrm       #.......     34%         3    ####...


Dungeon Overview and Level Annotations

Branches:
Dungeon (1/1)

Altars:
Cheibriados
Dithmenos
Elyvilon
Fedhas
Gozag
Hepliaklqana
Kikubaaqudgha
Lugonu
Makhleb
Nemelex Xobeh
Okawaru
Qazlal
Ru
Sif Muna
Trog
Uskayaw
Vehumet
Wu Jian
Xom
Yredelemnul
Zin
The Shining One
Beogh
Jiyva


Innate Abilities, Weirdness & Mutations

You are small and have problems with some larger weapons.
You cover ground slowly.
Armour does not affect your spellcasting.


Message History

There is an opulent altar of Gozag here.
There is a blossoming altar of Fedhas here.
There is a white marble altar of Elyvilon here.
There is a shadowy altar of Dithmenos here.
There is a snail-covered altar of Cheibriados here.
There is a roughly hewn altar of Beogh here.
There is an open door to the Temple here.
Things that are here:
a +0 short sword; a +0 leather armour
Things that are here:
a +0 mace; an orc corpse
There is an open door, spattered with blood here.
Things that are here:
a +0 falchion; a +0 ring mail
There is an open door to the Dungeon, spattered with blood here.
Things that are here:
a +0 club; a hobgoblin skeleton; a frilled lizard skeleton
There is a staircase leading out of the dungeon here.
Are you sure you want to leave the Dungeon?
This will make you lose the game!
You have escaped! ▓▓▓▓▓▓▓▓▓▓▓▓▓▓▓▓▓▓ ▓@...).....)))...' ▓▓▓▓▓▓▓▓▓▓▓▓▓▓▓▓▓▓

There were no monsters in sight!

Vanquished Creatures
  2 dart slugs (D)
  3 orcs (D)
  A bat zombie (D)
  A hobgoblin (D)
  A frilled lizard (D)
  A quokka skeleton (D)
  A rat (D)
10 creatures vanquished.

Notes
Turn   | Place    | Note
-------+----------+-------------------------------------------
     0 | D        | Freyura the Sand Dwarf Skald began the quest for the Orb.
     0 | D        | Reached XP level 1. HP: 18/18 MP: 3/3
    15 | D        | Reached XP level 2. HP: 23/26 MP: 5/5
    68 | D        | Found a roughly hewn altar of Beogh.
    68 | D        | Found a snail-covered altar of Cheibriados.
    68 | D        | Found a shadowy altar of Dithmenos.
    68 | D        | Found a white marble altar of Elyvilon.
    68 | D        | Found a blossoming altar of Fedhas.
    68 | D        | Found an opulent altar of Gozag.
    69 | D        | Found a hazy altar of Hepliaklqana.
    70 | D        | Found a viscous altar of Jiyva.
    71 | D        | Found an ancient bone altar of Kikubaaqudgha.
    72 | D        | Found a corrupted altar of Lugonu.
    73 | D        | Found a burning altar of Makhleb.
    74 | D        | Found a sparkling altar of Nemelex Xobeh.
    75 | D        | Found an iron altar of Okawaru.
    76 | D        | Found a stormy altar of Qazlal.
    77 | D        | Found a sacrificial altar of Ru.
    78 | D        | Found a shimmering blue altar of Sif Muna.
    79 | D        | Found a bloodstained altar of Trog.
    80 | D        | Found a hide-covered altar of Uskayaw.
    81 | D        | Found a radiant altar of Vehumet.
    82 | D        | Found an ornate altar of the Wu Jian Council.
    83 | D        | Found a shimmering altar of Xom.
    84 | D        | Found a basalt altar of Yredelemnul.
    85 | D        | Found a glowing silver altar of Zin.
    86 | D        | Found a glowing golden altar of the Shining One.
   160 | D        | Got out of the dungeon alive.

Skill      XL: |  1  2 |
---------------+-------+-----
Fighting       | 3 4 |  4.0
Maces & Flails | 4 |  4.8
Armour         | 2 |  2.4
Dodging        | |  1.5
Spellcasting   | |  2.5
Charms         | |  3.5

Action                   || total
-------------------------++-------
Melee: Mace              ||    24
  Use: Potion            ||     1
Armor: Leather armour    ||     3
Dodge: Dodged            ||    14
